 Dungeon Crawl Stone Soup version 0.24.1-8-ga250c9d538 (webtiles) character file.

Game seed: 15459791861923803001, levelgen mode: deterministic

8188 Gruesph the Severer (level 11, -3/97 HPs)
             Began as a Deep Dwarf Fighter on May 8, 2020.
             Was an Initiate of Makhleb.
             Succumbed to Maurice's poison
             ... on level 8 of the Dungeon.
             The game lasted 00:28:57 (7159 turns).

Gruesph the Severer (Deep Dwarf Fighter)            Turns: 7159, Time: 00:28:58

Health: -3/97      AC: 13    Str: 23    XL:     11   Next: 6%
Magic:  8/8        EV:  5    Int:  9    God:    Makhleb [......]
Gold:   110        SH: 10    Dex: 12    Spells: 10/10 levels left

rFire    . . .     SeeInvis .   a - +1 war axe
rCold    . . .     Gourm    .   q - +1 shield
rNeg     . . .     Faith    .   v - +0 chain mail
rPois    .         Spirit   .   e - +2 hat
rElec    .         Reflect  .   C - +0 cloak
rCorr    .         Harm     .   (no gloves)
MR       +....                  y - +0 pair of boots
Stlth    ..........             (no amulet)
HPRegen  0.00/turn              (no ring)
MPRegen  0.11/turn              (no ring)

@: lethally poisoned (-3 -> -43), non-regenerating
A: damage resistance, heal wounds, sense surroundings 2, no regeneration
a: Heal Wounds, Renounce Religion


You were on level 8 of the Dungeon.
You worshipped Makhleb.
Makhleb was noncommittal.
You were not hungry.

You visited 2 branches of the dungeon, and saw 9 of its levels.
You also visited: Ossuary.

You collected 430 gold pieces.
You spent 320 gold pieces at shops.

Inventory:

Hand Weapons
 a - a +1 war axe (weapon)
Missiles
 j - 218 stones (quivered)
 u - a throwing net
 D - 4 poisoned darts
Armour
 e - a +2 hat (worn)
 q - a +1 shield (worn)
 v - a +0 chain mail (worn)
 y - a +0 pair of boots (worn)
 C - a +0 cloak (worn)
Wands
 n - a wand of paralysis (5)
 F - a wand of flame (8)
 H - a wand of disintegration (14)
Scrolls
 l - 5 scrolls of teleportation
 o - a scroll of enchant weapon
 r - a scroll of fog
 s - 5 scrolls of enchant armour
 x - a scroll of amnesia
Potions
 c - 6 potions of curing
 d - 2 potions of might
 g - 4 potions of agility
 h - 4 potions of heal wounds
 k - a potion of ambrosia
 m - 3 potions of mutation
 p - a potion of invisibility
 t - 2 potions of berserk rage
 w - a potion of lignification {unknown}
 z - 2 potions of haste
 A - 2 potions of brilliance
 E - a potion of flight {unknown}
Comestibles
 f - 18 rations
 i - a chunk of flesh


   Skills:
 + Level 6.0 Fighting
 - Level 16.1 Axes
 + Level 3.2 Armour
 + Level 3.2 Shields
 - Level 5.0 Evocations


You had 10 spell levels left.
You didn't know any spells.
Your spell library contained the following spells:

 Spells                   Type           Power        Failure   Level  Hunger
 Beastly Appendage        Tmut           #.....       100%        1    ##.....
 Sticks to Snakes         Tmut           #.......     100%        2    ###....
 Spider Form              Tmut/Pois      #.........   100%        3    ####...
 Ice Form                 Ice/Tmut       #.......     100%        4    #####..
 Blade Hands              Tmut           #.........   100%        5    ######.


Dungeon Overview and Level Annotations

Branches:
Dungeon (8/15)             Temple (1/1) D:7         Ossuary (visited)
   Lair: D:8-11

Altars:
Ashenzari
Cheibriados
Dithmenos
Elyvilon
Fedhas
Gozag
Hepliaklqana
Kikubaaqudgha
Makhleb
Nemelex Xobeh
Okawaru
Ru
Sif Muna
Trog
Uskayaw
Vehumet
Wu Jian
Xom
Yredelemnul
Zin
The Shining One

Shops:
D:4 *   D:8 *

Annotations:
D:8 Maurice


Innate Abilities, Weirdness & Mutations

You are resistant to damage.
You can heal yourself by infusing magical energy.
You passively map the area around you.
You do not regenerate.


Message History

You completely miss something.
* * * LOW HITPOINT WARNING * * *
You feel very sick. Something hits you but does no damage.
You are more poisoned.
You miss something.
* * * LOW HITPOINT WARNING * * *
You feel very sick. Something hits you but does no damage.
You closely miss something.
* * * LOW HITPOINT WARNING * * *
You feel very sick. Something hits you.
Something steals your scroll of immolation!
You are more poisoned.
You hit something.
* * * LOW HITPOINT WARNING * * *
You feel very sick.
You completely miss something.
You die...

#...#,,,*,,,,,,,,,,,*
#...#,,,*,,,,,,,,,,,*
########...#,,,*,,,,,,,,,,,*
###.....##...#####,,,******+**
....###..#........,,,*,* *,*
......#..'........,,,*,* *,*
##..#.#.##........,,,*,* *,*
##......##############.#***,*
.).##.### #....@{......,,,,*
#..)#.#######..###..####,****
#..............# *,.# *,*
#...#.########.#**,,# *,*
##.##.# #.<.,,,* *,* ##.##.#
#..##*,* *,* #.##.# #..# *,*
*,* ##.##.# #..#**,** *,*
...##.# #..#*,,,* *,*


There were no monsters in sight!

Vanquished Creatures
  Gastronok (D:8)
  Harold (D:7)
  A hydra (D:8)
  Erica (D:8)
  Pikel (D:7)
  Grinder (D:3)
  2 dream sheep (D:8)
  2 yaks (D:8)
  A wraith (Ossuary)
  Menkaure (D:5)
  2 ice beasts
  3 phantoms
  A sky beast (D:5)
  A black bear (D:8)
  4 necrophages (D:8)
  3 ogres
  2 centaurs (D:7)
  5 big kobolds
  A bullfrog (D:7)
  A wyvern skeleton (D:6)
  4 crimson imps
  2 centaur zombies (D:8)
  3 hounds
  A centaur skeleton (D:2)
  A jelly (D:5)
  3 orc wizards
  4 bullfrog skeletons
  2 orc priests
  6 worker ants
  A killer bee zombie (D:8)
  2 hound skeletons (D:6)
  4 mummies
  8 adders
  A shadow imp (D:6)
  2 oozes
  An adder skeleton (D:8)
  2 adder zombies
  3 worms
  2 dart slugs (D:1)
  4 leopard geckos
  10 orcs
  A ball python (D:1)
  5 bats
  3 giant cockroaches
  A gnoll zombie (Ossuary)
  8 goblins
  9 hobgoblins
  7 jackals
  4 quokkas
  8 frilled lizards
  5 goblin zombies (Ossuary)
  3 hobgoblin zombies (Ossuary)
  18 kobolds
  3 kobold zombies (Ossuary)
  A quokka skeleton (D:7)
  2 quokka zombies
  11 rats
  4 bushes (D:8)
  2 plants (D:8)
196 creatures vanquished.

Vanquished Creatures (others)
  An orc wizard (D:7)
  2 orcs (D:7)
  A plant (D:8)
4 creatures vanquished.

Grand Total: 200 creatures vanquished

Notes
Turn   | Place    | Note
-------+----------+-------------------------------------------
     0 | D:1      | Gruesph the Deep Dwarf Fighter began the quest for the Orb.
     0 | D:1      | Reached XP level 1. HP: 20/20 MP: 1/1
   112 | D:1      | Reached XP level 2. HP: 24/27 MP: 2/2
   187 | D:1      | Reached skill level 3 in Axes
   673 | D:1      | Reached XP level 3. HP: 29/34 MP: 3/3
   932 | D:2      | Reached skill level 4 in Axes
  1072 | D:2      | Reached XP level 4. HP: 41/42 MP: 3/3
  1170 | D:2      | Reached skill level 5 in Axes
  1214 | D:2      | Found a hazy altar of Hepliaklqana.
  1904 | D:3      | Reached XP level 5. HP: 41/49 MP: 3/3
  1973 | D:3      | Reached skill level 6 in Axes
  2080 | D:3      | Found a bloodstained altar of Trog.
  2235 | D:3      | Noticed Grinder
  2249 | D:3      | Killed Grinder
  2249 | D:3      | Reached skill level 7 in Axes
  2249 | D:3      | Reached XP level 6. HP: 40/56 MP: 4/4
  2662 | D:4      | Found a sparkling altar of Nemelex Xobeh.
  2692 | D:4      | Found Ennuy's Assorted Antiques.
  2739 | D:4      | Reached skill level 8 in Axes
  3039 | D:4      | Found a shimmering blue altar of Sif Muna.
  3059 | D:4      | Found an ornate altar of the Wu Jian Council.
  3139 | D:5      | Entered Level 5 of the Dungeon
  3153 | D:5      | Reached XP level 7. HP: 36/62 MP: 5/5
  3345 | D:5      | Reached skill level 9 in Axes
  3428 | D:5      | Found an ancient bone altar of Kikubaaqudgha.
  3583 | D:5      | Reached skill level 10 in Axes
  3585 | D:5      | Reached XP level 8. HP: 63/69 MP: 5/5
  3685 | D:5      | Noticed Menkaure
  3698 | D:5      | Killed Menkaure
  3894 | D:6      | Reached skill level 11 in Axes
  3899 | D:6      | Got a pitted spear
  4462 | D:7      | Found a staircase to the Ecumenical Temple.
  4470 | D:7      | Reached skill level 12 in Axes
  4492 | Temple   | Entered the Ecumenical Temple
  4777 | D:7      | Found a white marble altar of Elyvilon.
  4777 | D:7      | Found a glowing golden altar of the Shining One.
  4778 | D:7      | Found a glowing silver altar of Zin.
  4891 | D:7      | Noticed Harold
  4914 | D:7      | Killed Harold
  4914 | D:7      | Reached skill level 13 in Axes
  4914 | D:7      | Gained mutation: You passively map the area around you.
                  | [Deep Dwarf growth]
  4914 | D:7      | Reached XP level 9. HP: 8/75 MP: 5/5
  4988 | D:7      | Noticed Pikel
  5013 | D:7      | Killed Pikel
  5013 | D:7      | Reached skill level 14 in Axes
  5249 | D:7      | Reached skill level 1 in Evocations
  5654 | D:8      | Noticed Gastronok
  5659 | D:8      | Found Casinaz's Assorted Antiques.
  5680 | D:8      | Killed Gastronok
  5680 | D:8      | Reached skill level 15 in Axes
  5680 | D:8      | Reached XP level 10. HP: 11/87 MP: 5/8
  5865 | D:8      | HP: 4/87 [kobold/+0 club (3)]
  6072 | D:8      | Found a sand-covered staircase.
  6088 | Ossuary  | Entered an ossuary
  6580 | D:8      | Found a blossoming altar of Fedhas.
  6643 | D:8      | Reached skill level 5 in Evocations
  6699 | D:8      | Found a burning altar of Makhleb.
  6700 | D:8      | Found a shimmering altar of Xom.
  6704 | D:8      | Became a worshipper of Makhleb the Destroyer
  6735 | D:8      | Bought a scroll of identify for 64 gold pieces
  6735 | D:8      | Bought a potion of curing for 96 gold pieces
  6735 | D:8      | Bought a scroll of fog for 64 gold pieces
  6735 | D:8      | Bought a scroll of teleportation for 96 gold pieces
  6792 | D:8      | Noticed Erica
  6811 | D:8      | Killed Erica
  6811 | D:8      | Reached skill level 5 in Fighting
  6988 | D:8      | Noticed a three-headed hydra
  6994 | D:8      | Killed a one-headed hydra
  6994 | D:8      | Reached skill level 16 in Axes
  6994 | D:8      | Reached XP level 11. HP: 73/97 MP: 8/8
  7113 | D:8      | Noticed Maurice
  7157 | D:8      | HP: 4/97 [poisoned by Maurice]
  7158 | D:8      | HP: 1/97 [poisoned by Maurice]
  7159 | D:8      | Succumbed to Maurice's poison

Levels and vault maps discovered:
D:1:      psy_arrival_dodecagon, layout_basic, corexii_corridor_pit,
          hex_intersection, hangedman_decor_lopped
D:2:      layout_basic, lemuel_round_altar, st_stairs_5
D:3:      layout_basic, marbit_many_paths, minmay_crystal_water, uniq_grinder
D:4:      layout_basic, nemelex_altar_shiori, overflow_temple_1_default,
          kennysheep_mini, serial_shops, shop, corexii_hall_statues_l
D:5:      layout_rooms, kennysheep_little_box, first_ration,
          kennysheep_generic_room_5, uniq_menkaure
D:6:      layout_rooms, roderic_malta_cross, minivault_23
D:7:      layout_loops_ring, good_gods_mini_temple,
          minmay_temple_entry_antechambers, uniq_harold, uniq_pikel
D:8:      kennysheep_blocky_room, layout_loops_ring,
          grunt_temple_overflow_champion_of_chaos, fedhas_altar_decomposition,
          gup_ossuary_entry_pyramid, serial_shops, nicolae_shop_statue_plus,
          hangedman_ranch [blue_anna_fruit_fields], kennysheep_generic_room_3,
          uniq_grum, uniq_erica, uniq_gastronok, uniq_maurice
Temple:   jpeg_temple_island

Skill      XL: |  1  2  3  4  5  6  7  8  9 10 11 |
---------------+----------------------------------+-----
Axes           | 3 4 5 7 8 10 13 15 16 | 16.1
Fighting       | 3 4 5 6 |  6.0
Evocations     | 4 5 |  5.0
Armour         | |  3.2
Shields        | |  3.2

Action                   |  1- 3 |  4- 6 |  7- 9 | 10-12 || total
-------------------------+-------+-------+-------+-------++-------
Melee: War axe           |   101 |   181 |   346 |   252 ||   880
       Scimitar          |       |       |       |     4 ||     4
Throw: Stone             |       |       |    65 |       ||    65
 Abil: Heal Wounds       |     1 |     2 |     7 |     6 ||    16
Evoke: Wand              |       |       |     9 |       ||     9
  Use: Scroll            |       |    16 |     5 |     4 ||    25
       Potion            |       |       |     2 |       ||     2
  Eat: Chunk             |     1 |     6 |     5 |     3 ||    15
       Ration            |       |       |     1 |     1 ||     2
Armor: Scale mail        |    38 |    19 |       |       ||    57
       Chain mail        |       |    62 |   118 |    55 ||   235
Dodge: Dodged            |    30 |    40 |    47 |    12 ||   129
Block: Shield            |    44 |    82 |   148 |    58 ||   332
